 Dungeon Crawl Stone Soup version 0.30-a0-1082-g70414cbcbb (webtiles) character file.

Game seed: 2158179228088140498

205 FlurksSlurper the Sneak (level 5, 0/41 HPs)
             Began as a Demonspawn Delver on Apr 15, 2023.
             Slain by Ijyb
             ... wielding a +0 dagger
              (2 damage)
             ... on level 5 of the Dungeon.
             The game lasted 00:02:57 (516 turns).

FlurksSlurper the Sneak (Demonspawn Delver)          Turns: 516, Time: 00:02:58

Health: 0/41       AC:  6    Str: 12    XL:     5   Next: 52%
Magic:  5/5        EV: 11    Int: 12    God:
Gold:   32         SH:  0    Dex: 16    Spells: 4/4 levels left

rFire   . . .      SeeInvis .      - Unarmed
rCold   . . .      Faith    .    (no shield)
rNeg    . . .      Spirit   .    i - +1 ring mail
rPois   .          Reflect  .    (no helmet)
rElec   .          Rampage  .    (no cloak)
rCorr   .                        (no gloves)
Will    .....                    (no boots)
Stlth   +++                      (no amulet)
HPRegen 0.26/turn                (no ring)
MPRegen 0.09/turn                (no ring)

@: mighty
A: hooves 1, demonic magic 2
a: no special abilities


You were on level 5 of the Dungeon.
You visited 1 branch of the dungeon, and saw 2 of its levels.

You collected 32 gold pieces.

Inventory:

Hand Weapons
 h - a +1 dagger of draining
Armour
 i - a +1 ring mail (worn)
Magical Staves
 k - a staff of cold
Wands
 b - a wand of flame (25)
 f - a wand of digging (3)
 g - a wand of paralysis (4)
Scrolls
 c - a scroll of magic mapping
 d - a scroll of fear
Potions
 e - a potion of haste


   Skills:
 + Level 3.2 Fighting
 + Level 0.7 Armour
 + Level 2.2 Dodging
 + Level 6.2 Stealth
 + Level 2.8 Unarmed Combat
 + Level 0.6 Evocations


You had 4 spell levels left.
You didn't know any spells.
Your spell library was empty.

Dungeon Overview and Level Annotations

Branches:
Dungeon (5/15)
 Temple: D:4-7

Altars:
Sif Muna

Annotations:
D:4 Natasha
D:5 Dowan, Ijyb


Innate Abilities, Weirdness & Mutations

You have large cloven feet.
Spells you cast may paralyse nearby enemies.


Message History

You feel sick. Ijyb closely misses you. The kobold hits you but does no damage.
The kobold completely misses you.
The quokka bites you but does no damage.
You climb downwards.
Level annotation: Dowan Reactivating autopickup.
You feel sick.
Found a dented bronze amulet and a book of Geomancy.
Found a stone staircase leading down.
There is a stone staircase leading up here.
It was a potion of might.
You feel very mighty all of a sudden.
You feel sick. The kobold hits you but does no damage.
The quokka bites you but does no damage.
The kobold barely misses you.
Ijyb screams, "Me very upset!"
Unknown command.
You punch the quokka!
You kill the quokka!
You feel sick. The kobold hits you but does no damage.
The kobold barely misses you.
You feel sick. The kobold barely misses you.
The kobold attacks as you move away! The kobold completely misses you.
You feel sick.
You are no longer poisoned.
Found a plate armour.
Okay, then.
Okay, then.
You punch the kobold!
You kill the kobold!
You barely miss the kobold. Your kick misses the kobold.
The kobold closely misses you.
You punch the kobold!
You kill the kobold!
You barely miss Ijyb. Ijyb hits you with a +0 dagger.
* * * LOW HITPOINT WARNING * * *
You hit Ijyb.
Ijyb is moderately wounded.
Ijyb hits you with a +0 dagger.
You die...

.....#. #.....
. #>#.. ..
#... ... ##:.
.... # ..#
...##
#.####.#......
#..@g.<...#
#..######"#
#.. ##. [. ..
... ...


You could see Ijyb.

Vanquished Creatures
  A centaur (D:5)
  A scorpion (D:5)
  An iguana (D:5)
  An orc wizard (D:5)
  An adder (D:5)
  5 orcs (D:5)
  A quokka (D:5)
  2 kobolds (D:5)
13 creatures vanquished.

Notes
Turn   | Place    | Note
-------+----------+-------------------------------------------
     0 | D:5      | FlurksSlurper the Demonspawn Delver began the quest for the
                  | Orb.
     0 | D:5      | Reached XP level 1. HP: 18/18 MP: 1/1
     7 | D:4      | Noticed an ogre
     7 | D:4      | Noticed a hound
    13 | D:5      | Noticed an orc wizard
    27 | D:5      | Gained mutation: You have large cloven feet. [demonic
                  | ancestry]
    27 | D:5      | Reached XP level 2. HP: 24/24 MP: 2/2
    35 | D:5      | Reached skill level 5 in Stealth
    35 | D:5      | Gained mutation: Spells you cast may paralyse adjacent
                  | enemies. [demonic ancestry]
    35 | D:5      | Reached XP level 3. HP: 29/29 MP: 3/3
    75 | D:5      | Reached XP level 4. HP: 14/35 MP: 4/4
   190 | D:5      | Noticed a scorpion
   204 | D:5      | Killed a scorpion
   254 | D:5      | Noticed a centaur
   269 | D:5      | Killed a centaur
   270 | D:5      | Reached skill level 6 in Stealth
   270 | D:5      | Gained mutation: Spells you cast may paralyse nearby
                  | enemies. [demonic ancestry]
   270 | D:5      | Reached XP level 5. HP: 18/41 MP: 5/5
   404 | D:5      | Noticed Dowan
   443 | D:4      | Noticed Natasha
   458 | D:4      | Noticed Ijyb
   466 | D:4      | Paralysed by Ijyb for 3 turns
   473 | D:4      | Found a shimmering blue altar of Sif Muna.
   478 | D:4      | Paralysed by Ijyb for 5 turns
   489 | D:4      | Paralysed by Ijyb for 3 turns
   515 | D:5      | HP: 1/41 [Ijyb/+0 dagger (3)]
   516 | D:5      | Slain by Ijyb

Illustrated notes

Levels and vault maps discovered:
D:4:      layout_rooms, mainiacjoe_overflow_concentric_impassable,
          minmay_temple_entry_tees, uniq_blork_the_orc, uniq_natasha, uniq_ijyb
D:5:      layout_basic, zin_academy, uniq_duvessa

Skill      XL: |  1  2  3  4 |
---------------+-------------+-----
Stealth        | 5 6 |  6.2
Unarmed Combat | 2 |  2.8
Dodging        | 2 |  2.2
Fighting       | |  3.2
Armour         | |  0.7
Evocations     | |  0.6

Action                     |  1- 3 |  4- 6 || total
---------------------------+-------+-------++-------
  Melee: Unarmed           |    47 |    32 ||    79
         Kick              |    20 |    12 ||    32
         Punch             |     2 |       ||     2
  Evoke: Wand              |     4 |     3 ||     7
    Use: Scroll            |       |     4 ||     4
         Potion            |       |     1 ||     1
   Stab: Paralysed         |    19 |     6 ||    25
 Armour: Leather armour    |    14 |     1 ||    15
         Ring mail         |       |    34 ||    34
  Dodge: Dodged            |    23 |    46 ||    69

Table legend: (Time is in decaauts)
 A = Elapsed time spent in this place.
 B = Non-inter-level travel time spent in this place.
 C = Inter-level travel time spent in this place.
 D = Time resting spent in this place.
 E = Time spent auto-exploring this place.
 F = Levels seen in this place.
 G = Mean time per level.
                   A        B        C        D        E       F      G
               +--------+--------+--------+--------+--------+-----+--------+
         Total |    512 |    512 |      0 |    179 |     93 |   2 |  256.0 |
       Dungeon |    512 |    512 |      0 |    179 |     93 |   2 |  256.0 |
               +--------+--------+--------+--------+--------+-----+--------+

Top non-repeatable levels by time:
     D:5: 448 daAuts
     D:4: 64 daAuts
